 Dungeon Crawl Stone Soup version 0.31-a0-851-g7ff8af7976 (webtiles) character file.

Game seed: 1707102300615000501

1817 croobank the Ruffian (level 9, -2/67 HPs)
             Began as a Gnoll Shapeshifter on Oct 6, 2023.
             Collided with a rock wall (16 damage)
             ... caused by a wretched star
             ... on level 1 of the Abyss.
             The game lasted 00:19:33 (6714 turns).

croobank the Ruffian (Gnoll Shapeshifter)           Turns: 6714, Time: 00:19:34

Health: -2/67      AC: 12    Str: 14    XL:     9   Next: 10%
Magic:  13/15      EV: 14    Int: 14    God:
Gold:   48         SH:  0    Dex: 16    Spells: 11/16 levels left

rFire   . . .        E - +9 quarterstaff of Frustration {venom, Will+ Dex+5 Stlth-}
rCold   + . .        (shield currently unavailable)
rNeg    . . .        I - +1 acid dragon scales
rPois   .            (helmet currently unavailable)
rElec   .            (cloak currently unavailable)
rCorr   +            (gloves currently unavailable)
SInv    .            (boots currently unavailable)
Will    +....        (no amulet)
Stlth   +            L - ring of protection from cold
HPRegen 0.31/turn    O - +4 ring of protection
MPRegen 0.14/turn

%: no passive effects
@: mighty, beast-form, on blink cooldown
A: beast (slay +4), fangs 1, strong nose, distributed training, [inability to
drink after injury 2]
a: Begin Untransformation


You were on level 1 of the Abyss.
You were a hulking beast.
You visited 1 branch of the dungeon, and saw 6 of its levels.
You visited the Abyss 1 time.

You collected 340 gold pieces.
You spent 292 gold pieces at shops.

Inventory:

Hand Weapons
 b - a +0 orcbow
 g - a +0 lajatang
 h - a +0 dagger
 m - a +1 long sword
 n - a +0 dagger of holy wrath
 q - a +3 hand axe
 y - a +0 scimitar
 E - the +9 quarterstaff of Frustration (weapon) {venom, Will+ Dex+5 Stlth-}
   (You found it on level 4 of the Dungeon)

   Dex+5:     It affects your dexterity (+5).
   Will+:     It increases your willpower.
   Stlth-:    It makes you less stealthy.
 H - a +0 short sword
 M - a +0 morningstar
 N - a +0 flail of holy wrath
Missiles
 p - 2 poisoned darts
 s - 5 curare-tipped darts
 F - 12 boomerangs (quivered)
Armour
 A - a +0 helmet
 B - a +0 leather armour
 G - a +0 pair of gloves
 I - +1 acid dragon scales (worn)
 J - the +1 buckler of Lugonu's Inspiration {+Inv}
   (You found it on level 4 of the Dungeon)

   +Inv:      It lets you turn invisible.
Jewellery
 L - a ring of protection from cold (left hand)
 O - a +4 ring of protection (right hand)
Talismans
 c - a beast talisman (active)
 d - a flux talisman
Wands
 r - a wand of flame (23)
Scrolls
 a - a scroll of poison
 e - 4 scrolls of teleportation
 f - a scroll of enchant weapon
 i - 2 scrolls of fear
 o - a scroll of vulnerability
 w - a scroll of noise
 x - a scroll of silence
Potions
 k - a potion of might
 l - a potion of mutation
 t - 2 potions of curing {unknown}
 u - a potion of cancellation {unknown}
 v - a potion of ambrosia {unknown}
 z - a potion of enlightenment {unknown}
 C - a potion of berserk rage {unknown}
 D - a potion of attraction {unknown}
 K - a potion of degeneration {unknown}
 P - 2 potions of magic


   Skills:
 + Level 4.8 Fighting
 + Level 4.0 Short Blades
 + Level 4.0 Long Blades
 + Level 4.0 Axes
 + Level 4.0 Maces & Flails
 + Level 4.0 Polearms
 + Level 4.0 Staves
 + Level 4.0 Ranged Weapons
 + Level 4.0 Throwing
 + Level 4.0 Armour
 + Level 6.1 Dodging
 + Level 4.0 Stealth
 + Level 4.0 Shields
 + Level 7.7 Unarmed Combat
 + Level 4.0 Spellcasting
 + Level 3.2 Conjurations
 + Level 3.2 Hexes
 + Level 3.2 Summonings
 + Level 3.2 Necromancy
 + Level 3.2 Translocations
 + Level 3.2 Transmutations
 + Level 3.2 Fire Magic
 + Level 3.2 Ice Magic
 + Level 3.2 Air Magic
 + Level 3.2 Earth Magic
 + Level 3.2 Poison Magic
 + Level 4.4 Invocations
 + Level 4.0 Evocations
 + Level 7.5 Shapeshifting


You had 11 spell levels left.
You knew the following spells:

 Your Spells              Type           Power      Damage    Failure   Level
a - Blink                 Tloc           22%        N/A       11%         2
b - Summon Guardian Gole  Hex/Summ       11%        N/A       22%         3

Your spell library contained the following spells:

 Spells                   Type           Power      Damage    Failure   Level
 Summon Small Mammal      Summ           44%        N/A       7%          1
 Cigotuvi's Dreadful Rot  Necr/Pois/Air  22%        N/A       11%         2
 Lesser Beckoning         Tloc           22%        N/A       11%         2
 Momentum Strike          Conj/Tloc      22%        3d8       11%         2
 Call Canine Familiar     Summ           11%        N/A       22%         3
 Dispel Undead            Necr           11%        3d9       56%         4
 Death Channel            Necr           5%         N/A       100%        6


Dungeon Overview and Level Annotations

Branches:
Dungeon (6/15)
 Temple: D:4-7

Altars:
Ashenzari
Yredelemnul

Shops:
D:1 (?[   D:3 =   D:6 (::

Annotations:
D:3 1 runed translucent door, Crazy Yiuf


Innate Abilities, Weirdness & Mutations

You are a hulking beast.
Your limbs bulge with bestial killing power. (Slay +4)
You have very sharp teeth.
Your uncanny sense of smell can sniff out nearby items.
Your experience applies equally to all skills.
[You sometimes lose the ability to drink potions when taking damage.]


Message History

The small abomination misses you.
You thump the small abomination!
You destroy the small abomination!
Your Short Blades skill increases to level 4!
Your Long Blades skill increases to level 4!
Your Axes skill increases to level 4!
Your Maces & Flails skill increases to level 4!
Your Polearms skill increases to level 4!
Your Staves skill increases to level 4!
Your Ranged Weapons skill increases to level 4!
Your Throwing skill increases to level 4!
Your Armour skill increases to level 4!
Your Stealth skill increases to level 4!
Your Shields skill increases to level 4!
Your Spellcasting skill increases to level 4!
Your Evocations skill increases to level 4!
You thump the lurking horror!
Your body is wracked with pain!
You feel very mighty all of a sudden.
Okay, then.
Casting: Summon Guardian Golem (dangerous; 22% risk of failure)
Confirm with . or Enter, or press ? or * to list all spells.
You blink.
You thump the wretched star!
The wretched star is lightly damaged.
The wretched star pulses with an eldritch light!
You occasionally lose the ability to drink potions when taking damage.
You lose the ability to drink potions when taking damage more often.
You thump the wretched star!
The wretched star is moderately damaged.
The wretched star glows turbulently.
The lance of force misses you.
The large abomination hits you but does no damage.
You hit the wretched star. You bite the wretched star!
The wretched star is moderately damaged.
The wretched star glows turbulently.
The lance of force hits you!
* * * LOW HITPOINT WARNING * * *
You are knocked back by the lance of force.
You slam into the rock wall!
You die...

...####..# .
#.#.#...# #. .
# #...#..# .#
.. #.
#...###.#.# .#
.. ###.###
.##.# ..
#.#..#*###...#
#..#..X..#...
#....#..#.#
.......##.##h##
..#.##. #.##.#
#. ## .#.... #
.# .#.## #
..#.# .. #..
... ..# ... ..#


You could see a wretched star and a large abomination.

Vanquished Creatures
  A harpy zombie (Abyss:1)
  An acid dragon (D:4)
  A sky beast (D:6)
  A black bear (D:4)
  An ogre (D:5)
  A small abomination (Abyss:1)
  A gnoll sergeant (D:5)
  4 scorpions
  2 wights (D:6)
  A hound (D:5)
  3 jellies
  2 orc priests (D:5)
  Natasha (thrice) (D:2)
  5 orc wizards
  Robin (D:1)
  9 gnolls
  12 adders
  An ufetubus (D:5)
  A dart slug (D:1)
  26 orcs
  4 bats
  7 endoplasms
  4 giant cockroaches
  5 hobgoblins
  12 jackals
  4 kobolds
  4 quokkas
  6 ball pythons
  3 frilled lizards
  20 goblins
  2 rats
  A lurking horror (Abyss:1)
149 creatures vanquished.

Notes
Turn   | Place    | Note
-------+----------+-------------------------------------------
     0 | D:1      | croobank the Gnoll Shapeshifter began the quest for the
                  | Orb.
     0 | D:1      | Reached XP level 1. HP: 17/17 MP: 1/1
    51 | D:1      | Reached XP level 2. HP: 18/23 MP: 2/2
   233 | D:1      | Found Deumeg's Magic Scroll Shop.
   357 | D:1      | Found Evustaet's Antique Weapon Shop.
   540 | D:1      | Bought a scroll of identify for 22 gold pieces
   733 | D:1      | Found Pooxaag's Antique Armour Shop.
  1059 | D:2      | Noticed Robin
  1078 | D:1      | Reached XP level 3. HP: 8/28 MP: 3/3
  1202 | D:1      | Killed Robin
  1203 | D:1      | Reached skill level 1 in Invocations
  1554 | D:2      | Reached skill level 1 in Short Blades
  1554 | D:2      | Reached skill level 1 in Long Blades
  1554 | D:2      | Reached skill level 1 in Axes
  1554 | D:2      | Reached skill level 1 in Maces & Flails
  1554 | D:2      | Reached skill level 1 in Polearms
  1554 | D:2      | Reached skill level 1 in Staves
  1554 | D:2      | Reached skill level 1 in Ranged Weapons
  1554 | D:2      | Reached skill level 1 in Throwing
  1554 | D:2      | Reached skill level 1 in Armour
  1554 | D:2      | Reached skill level 1 in Stealth
  1554 | D:2      | Reached skill level 1 in Shields
  1554 | D:2      | Reached skill level 1 in Spellcasting
  1554 | D:2      | Reached skill level 1 in Evocations
  1715 | D:2      | Reached XP level 4. HP: 34/34 MP: 5/5
  1716 | D:2      | Noticed Natasha
  1725 | D:2      | Killed Natasha
  1787 | D:2      | Reached skill level 1 in Conjurations
  1787 | D:2      | Reached skill level 1 in Hexes
  1787 | D:2      | Reached skill level 1 in Summonings
  1787 | D:2      | Reached skill level 1 in Necromancy
  1787 | D:2      | Reached skill level 1 in Translocations
  1787 | D:2      | Reached skill level 1 in Transmutations
  1787 | D:2      | Reached skill level 1 in Fire Magic
  1787 | D:2      | Reached skill level 1 in Ice Magic
  1787 | D:2      | Reached skill level 1 in Air Magic
  1787 | D:2      | Reached skill level 1 in Earth Magic
  1787 | D:2      | Reached skill level 1 in Poison Magic
  1916 | D:2      | Noticed Natasha
  1925 | D:2      | Killed Natasha
  2221 | D:2      | Reached XP level 5. HP: 40/40 MP: 5/7
  2349 | D:2      | Noticed Natasha
  2353 | D:2      | Killed Natasha
  2973 | D:3      | Identified the +1 ring mail of Zinot {Fly rN+ rCorr Str+2}
  3075 | D:3      | Found a faded altar of an unknown god.
  3090 | D:3      | Reached XP level 6. HP: 45/47 MP: 8/8
  3300 | D:3      | Reached skill level 5 in Dodging
  3604 | D:3      | Found Veugoj's Jewellery Shop.
  3811 | D:3      | Found a runed translucent door.
  3812 | D:3      | Noticed Crazy Yiuf
  3988 | D:4      | Identified the +9 quarterstaff of Frustration {venom, Will+
                  | Dex+5 Stlth-}
  3989 | D:4      | Noticed a black bear
  3998 | D:4      | Killed a black bear
  3999 | D:4      | Reached XP level 7. HP: 52/52 MP: 10/10
  4611 | D:4      | Identified the +1 buckler of Lugonu's Inspiration {+Inv}
  4972 | D:5      | Entered Level 5 of the Dungeon
  5134 | D:5      | Found a broken altar of Ashenzari.
  5204 | D:5      | Reached XP level 8. HP: 60/60 MP: 12/12
  5263 | D:5      | Found a basalt altar of Yredelemnul.
  5333 | D:5      | HP: 3/60 [orc priest/divine providence (9)]
  6252 | D:6      | Found Unilum's Weapon Shoppe.
  6253 | D:6      | Found Jiageix's Book Shop.
  6255 | D:6      | Found Meare's Book Emporium.
  6387 | D:6      | Bought a book of Spatial Translocations for 270 gold pieces
  6390 | D:6      | Learned a level 2 spell: Blink
  6607 | Abyss:1  | Cast into level 1 of the Abyss (gnoll sergeant)
  6620 | Abyss:1  | Found a corrupted altar of Lugonu.
  6639 | Abyss:1  | Reached XP level 9. HP: 24/66 MP: 14/14
  6643 | Abyss:1  | Learned a level 3 spell: Summon Guardian Golem
  6667 | Abyss:1  | Noticed a wretched star
  6714 | Abyss:1  | Collided with a rock wall

Illustrated notes

Levels and vault maps discovered:
D:1:      spicycebolla_arrival_risky_transporter, layout_loops_corners,
          serial_shops, nicolae_shop_tiny_statue_garden, shop,
          nicolae_shop_waterfront
D:2:      minmay_spotlight, layout_loops_ring, kennysheep_generic_room_15,
          uniq_natasha, uniq_robin
D:3:      minmay_skewed_foursquare, layout_basic,
          dreamdust_ecumenical_altar_statues, serial_shops, shop,
          nicolae_half_adder, uniq_crazy_yiuf_cottage
D:4:      layout_cave_pods, wad_floor_pattern_1
D:5:      layout_basic, yredelemnul_altar_generic, nicolae_ashenzari_skybound
D:6:      layout_rooms, grunt_ministairs_5, nicolae_wooded_promenade
Abyss:1:  base:
Temple

Skill      XL: |  1  2  3  4  5  6  7  8  9 |
---------------+----------------------------+-----
Invocations    | 1 2 3 4 |  4.4
Short Blades   | 1 2 3 4 |  4.0
Long Blades    | 1 2 3 4 |  4.0
Axes           | 1 2 3 4 |  4.0
Maces & Flails | 1 2 3 4 |  4.0
Polearms       | 1 2 3 4 |  4.0
Staves         | 1 2 3 4 |  4.0
Ranged Weapons | 1 2 3 4 |  4.0
Throwing       | 1 2 3 4 |  4.0
Armour         | 1 2 3 4 |  4.0
Stealth        | 1 2 3 4 |  4.0
Shields        | 1 2 3 4 |  4.0
Spellcasting   | 1 2 3 4 |  4.0
Evocations     | 1 2 3 4 |  4.0
Conjurations   | 1 2 3 |  3.2
Hexes          | 1 2 3 |  3.2
Summonings     | 1 2 3 |  3.2
Necromancy     | 1 2 3 |  3.2
Translocations | 1 2 3 |  3.2
Transmutations | 1 2 3 |  3.2
Fire Magic     | 1 2 3 |  3.2
Ice Magic      | 1 2 3 |  3.2
Air Magic      | 1 2 3 |  3.2
Earth Magic    | 1 2 3 |  3.2
Poison Magic   | 1 2 3 |  3.2
Fighting       | 3 4 |  4.8
Dodging        | 5 6 |  6.1
Unarmed Combat | 7 |  7.7
Shapeshifting  | 7 |  7.5

Action                     |  1- 3 |  4- 6 |  7- 9 || total
---------------------------+-------+-------+-------++-------
  Melee: Unarmed           |    76 |   135 |       ||   211
         Bite              |     6 |    13 |    13 ||    32
         Punch             |       |     4 |       ||     4
         Quarterstaff      |       |     2 |   118 ||   120
  Throw: Throwing net      |       |     1 |       ||     1
         Dart              |       |     6 |     3 ||     9
         Boomerang         |       |       |     7 ||     7
   Cast: Blink             |       |       |     1 ||     1
         Summon Guardian G |       |       |     1 ||     1
  Evoke: Wand              |       |     3 |       ||     3
    Use: Potion            |     1 |       |     6 ||     7
         Scroll            |       |     3 |    13 ||    16
   Stab: Sleeping          |       |     2 |       ||     2
 Armour: Animal skin       |    48 |    51 |       ||    99
         Skin              |     2 |       |       ||     2
         Leather armour    |       |    10 |    31 ||    41
         Acid dragon scale |       |       |    66 ||    66
  Dodge: Dodged            |    47 |    70 |   106 ||   223

Table legend: (Time is in decaauts)
 A = Elapsed time spent in this place.
 B = Non-inter-level travel time spent in this place.
 C = Inter-level travel time spent in this place.
 D = Time resting spent in this place.
 E = Time spent auto-exploring this place.
 F = Levels seen in this place.
 G = Mean time per level.
                   A        B        C        D        E       F      G
               +--------+--------+--------+--------+--------+-----+--------+
         Total |   6710 |   6434 |    276 |   1510 |   3484 |   7 |  958.6 |
       Dungeon |   6621 |   6345 |    276 |   1510 |   3484 |   6 | 1103.5 |
         Abyss |     88 |     88 |      0 |      0 |      0 |   1 |   88.0 |
               +--------+--------+--------+--------+--------+-----+--------+

Top non-repeatable levels by time:
     D:1: 1418 daAuts
     D:3: 1384 daAuts
     D:4: 1193 daAuts
     D:2: 1111 daAuts
     D:5: 1053 daAuts
     D:6: 459 daAuts
 Abyss:1: 88 daAuts
